 Dungeon Crawl Stone Soup version 0.28-a0-1429-gf3d713df7a (webtiles) character file.

Game seed: 2812848400884324921

22 HallandMoats the Skirmisher (level 2, -3/27 HPs)
             Began as a Minotaur Fighter on Jan 9, 2022.
             Killed from afar by a dart slug (5 damage)
             ... with a slug dart
             ... on level 1 of the Dungeon.
             The game lasted 00:00:30 (272 turns).

HallandMoats the Skirmisher (Minotaur Fighter)       Turns: 272, Time: 00:00:30

Health: -3/27      AC:  7    Str: 20    XL:     2   Next: 68%
Magic:  1/1        EV:  9    Int:  5    God:
Gold:   17         SH:  4    Dex:  9    Spells: 1/1 levels left

rFire   . . .      SeeInvis .   a - +0 long sword
rCold   . . .      Faith    .   c - +0 buckler
rNeg    . . .      Spirit   .   b - +0 scale mail
rPois   .          Reflect  .   (helmet restricted)
rElec   .          Harm     .   (no cloak)
rCorr   .          Rampage  .   (no gloves)
Will    .....                   (no boots)
Stlth   ..........              (no amulet)
HPRegen 0.09/turn               (no ring)
MPRegen 0.07/turn               (no ring)

@: no status effects
A: horns 2, retaliatory headbutt
a: no special abilities


You were on level 1 of the Dungeon.
You visited 1 branch of the dungeon, and saw 1 of its levels.

You collected 17 gold pieces.

Inventory:

Hand Weapons
 a - a +0 long sword (weapon)
Armour
 b - a +0 scale mail (worn)
 c - a +0 buckler (worn)
Scrolls
 g - a scroll of blinking {unknown}
Potions
 d - a potion of might
 e - 2 potions of attraction {unknown}
 f - a potion of degeneration {unknown}


   Skills:
 + Level 3.9 Fighting
 + Level 2.8 Long Blades
 + Level 3.9 Armour
 + Level 1.0 Dodging
 + Level 3.9 Shields


You had one spell level left.
You didn't know any spells.
Your spell library was empty.

Dungeon Overview and Level Annotations

Branches:
Dungeon (1/15)

Altars:


Innate Abilities, Weirdness & Mutations

You have a pair of horns on your head.
You reflexively headbutt those who attack you in melee.


Message History

You hit the kobold.
You kill the kobold!
The endoplasm freezes you.
You are frozen.
* * * LOW HITPOINT WARNING * * *
The dart slug launches a dart at you.
The slug dart hits you but does no damage.
You hit the endoplasm.
The endoplasm is moderately wounded.
The endoplasm freezes you.
You are frozen.
* * * LOW HITPOINT WARNING * * *
The dart slug launches a dart at you.
The slug dart hits you but does no damage.
You block the endoplasm's attack.
You hit the endoplasm.
You kill the endoplasm!
The dart slug barely misses you. The dart slug launches a dart at you.
The slug dart hits you but does no damage.
You see here a dart slug corpse.
You hit the dart slug. You headbutt the dart slug.
You kill the dart slug!
Your Dodging skill increases to level 1!
A hobgoblin comes into view.
Found a fizzy blue potion.
The hobgoblin shouts!
The dart slug bites you.
* * * LOW HITPOINT WARNING * * *
The dart slug closely misses you.
You hit the dart slug but do no damage. You block the dart slug's attack.
You hit the dart slug.
The dart slug is heavily wounded.
You block the dart slug's attack.
You barely miss the dart slug.
The dart slug is heavily wounded.
The hobgoblin barely misses you. The dart slug launches a dart at you.
The slug dart hits you.
You die...

#..............# ...
...............#........
.............#.#........
.......................
........#.............
#########...........#
.................#####
....#.................
... #....).).@........ .
#......†wg........
#.................
#....#####.#......
....... #.#......
........ #.#......
...#... #.. ..!.. .....
##. .#### ..


You could see a dart slug and a hobgoblin.

Vanquished Creatures
  2 dart slugs (D:1)
  A bat (D:1)
  3 endoplasms (D:1)
  3 goblins (D:1)
  A hobgoblin (D:1)
  2 ball pythons (D:1)
  4 kobolds (D:1)
  A rat (D:1)
17 creatures vanquished.

Notes
Turn   | Place    | Note
-------+----------+-------------------------------------------
     0 | D:1      | HallandMoats the Minotaur Fighter began the quest for the
                  | Orb.
     0 | D:1      | Reached XP level 1. HP: 19/19 MP: 0/0
   144 | D:1      | Reached XP level 2. HP: 21/27 MP: 1/1
   267 | D:1      | Reached skill level 1 in Dodging
   267 | D:1      | HP: 1/27 [dart slug (2)]
   272 | D:1      | Killed from afar by a dart slug

Illustrated notes

Levels and vault maps discovered:
D:1:      dpeg_arrival_tiny_c, layout_basic, basic_ecumenical_altar,
          minmay_misc_feat_rugged

Skill      XL: |  1  2 |
---------------+-------+-----
Dodging        | 1 |  1.0
Fighting       | |  3.9
Long Blades    | |  2.8
Armour         | |  3.9
Shields        | |  3.9

Action                   || total
-------------------------++-------
Melee: Long sword        ||    30
       Headbutt          ||     4
Armor: Scale mail        ||    18
Dodge: Dodged            ||    16
Block: Buckler           ||     7

Table legend: (Time is in decaauts)
 A = Elapsed time spent in this place.
 B = Non-inter-level travel time spent in this place.
 C = Inter-level travel time spent in this place.
 D = Time resting spent in this place.
 E = Time spent auto-exploring this place.
 F = Levels seen in this place.
 G = Mean time per level.
                   A        B        C        D        E       F      G
               +--------+--------+--------+--------+--------+-----+--------+
         Total |    281 |    281 |      0 |      0 |    203 |   1 |  281.0 |
       Dungeon |    281 |    281 |      0 |      0 |    203 |   1 |  281.0 |
               +--------+--------+--------+--------+--------+-----+--------+

Top non-repeatable levels by time:
     D:1: 281 daAuts
